 Dungeon Crawl Stone Soup version 0.21.1-1-g345015fe64 (webtiles) character file.

135 Htamos the Gusty (level 5, -1/28 HPs)
             Began as a Tengu Air Elementalist on July 10, 2018.
             Killed by divine providence
             ... invoked by an orc priest
              (10 damage)
             ... on level 2 of the Dungeon.
             The game lasted 00:06:22 (2912 turns).

Htamos the Gusty (Tengu Air Elementalist)           Turns: 2912, Time: 00:06:23

Health: -1/28      AC:  2    Str:  9    XL:     5   Next: 18%
Magic:  11/11      EV: 12    Int: 16    God:
Gold:   148        SH:  3    Dex: 14    Spells: 10/11 levels left

rFire    . . .     SeeInvis .   g - +0 dagger
rCold    . . .     Gourm    .   f - +0 buckler
rNeg     . . .     Faith    .   a - +0 robe
rPois    .         Spirit   .   (helmet restricted)
rElec    .         Reflect  .   (no cloak)
rCorr    .         Harm     .   (no gloves)
MR       .....                  (boots unavailable)
Stlth    ++........             (no amulet)
HPRegen  0.09/turn              (no ring)
MPRegen  0.12/turn              (no ring)

@: no status effects
A: beak, talons 3, able to fly 1
a: Fly


You were on level 2 of the Dungeon.
You were hungry.

You visited 1 branch of the dungeon, and saw 3 of its levels.

You collected 148 gold pieces.

Inventory:

Hand Weapons
 g - a +0 dagger (weapon)
Missiles
 e - 52 arrows
Armour
 a - a +0 robe (worn)
 f - a +0 buckler (worn)
Jewellery
 s - an uncursed ring of see invisible {unknown}
Scrolls
 j - a scroll of remove curse {unknown}
 k - a scroll of magic mapping {unknown}
 l - a scroll of random uselessness {unknown}
 n - 4 scrolls of enchant weapon {unknown}
 r - a scroll of fog {unknown}
 u - 3 scrolls of amnesia {unknown}
 w - a scroll of teleportation {unknown}
Potions
 d - 2 potions of agility {unknown}
 h - a potion of heal wounds {unknown}
 i - a potion of cancellation {unknown}
 m - a potion of haste {unknown}
 o - a potion of degeneration {unknown}
 q - a potion of lignification {unknown}
 t - a potion of ambrosia {unknown}
 v - 2 potions of mutation {unknown}
Books
 b - a book of Air

   Spells                             Type                      Level
   a - Shock                          Conjuration/Air              1
   b - Swiftness                      Charms/Air                   2
   c - Static Discharge               Conjuration/Air              3
   d - Airstrike                      Air                          4
   e - Lightning Bolt                 Conjuration/Air              5
Comestibles
 c - 4 rations


   Skills:
 - Level 2.1 Dodging
 - Level 2.0 Stealth
 * Level 3.9 Spellcasting
 - Level 1.3 Conjurations
 + Level 5.7 Air Magic


You had 10 spell levels left.
You knew the following spells:

 Your Spells              Type           Power        Failure   Level  Hunger
a - Shock                 Conj/Air       ##..         7%          1    None


Dungeon Overview and Level Annotations

Branches:
Dungeon (3/15)

Altars:
Makhleb


Innate Abilities, Weirdness & Mutations

You have a beak for a mouth.
You have claws for feet.
You can fly.


Message History

You start resting.
Magic restored.
You climb downwards.
The orc priest hits you with a flail of distortion!
Space warps horribly around you!
There is a stone staircase leading up here.
You see here 2 stones.
Casting: Shock
Confirm with . or Enter, or press ? or * to list all spells.
Aiming: Shock
Press: ? - help, Shift-Dir - straight line That beam is likely to hit you.
Continue anyway?
Okay, then.
The orc priest hits you with a flail of distortion.
Space bends around you.
You climb upwards.
There is a stone staircase leading down here.
The orc priest mumbles some strange prayers to Beogh against you.
Beogh smites you!
You die...

####### ####.....#
#..o.....#########
#@>...............
#.......##.#......
#.................
#.................
#.................
#.................
###.##.............
#...###...#.#......
#...###...#.#.....#


You could see an orc priest.

Vanquished Creatures
  An orc wizard (D:3)
  3 adders
  An ooze (D:2)
  2 worms (D:3)
  3 dart slugs
  A leopard gecko (D:1)
  3 orcs (D:3)
  6 bats
  A giant cockroach (D:2)
  6 goblins
  7 hobgoblins
  6 jackals (D:3)
  7 kobolds
  2 quokkas
  A ball python (D:2)
  7 frilled lizards
  5 rats
62 creatures vanquished.

Notes
Turn   | Place    | Note
-------+----------+-------------------------------------------
     0 | D:1      | Htamos the Tengu Air Elementalist began the quest for the Orb.
     0 | D:1      | Reached XP level 1. HP: 10/10 MP: 4/4
   201 | D:1      | Reached XP level 2. HP: 15/15 MP: 4/6
  1036 | D:2      | Reached XP level 3. HP: 19/19 MP: 4/7
  1224 | D:2      | Reached skill level 5 in Air Magic
  1509 | D:2      | Found a burning altar of Makhleb.
  1843 | D:3      | Reached XP level 4. HP: 23/24 MP: 0/9
  2530 | D:3      | Gained mutation: You can fly. [Tengu growth]
  2530 | D:3      | Reached XP level 5. HP: 18/28 MP: 1/11
  2912 | D:2      | Killed from afar by an orc priest

Skill      XL: |  1  2  3 |
---------------+----------+-----
Air Magic      | 5 |  5.7
Spellcasting   | 3 |  3.9
Dodging        | |  2.1
Stealth        | |  2.0
Conjurations   | |  1.3

Action                   |  1- 3 |  4- 6 || total
-------------------------+-------+-------++-------
Melee: Dagger            |    13 |    15 ||    28
       Kick              |     4 |     6 ||    10
       Peck              |     1 |     2 ||     3
 Cast: Shock             |    75 |    73 ||   148
  Eat: Chunk             |     3 |     3 ||     6
Armor: Robe              |     8 |     4 ||    12
Dodge: Dodged            |    20 |    27 ||    47
Block: Buckler           |     6 |     4 ||    10
